 Dungeon Crawl Stone Soup version 0.29.0-15-g675c0067aa (webtiles) character file.

Game seed: 5887010535054848150

75 ILmort the Skirmisher (level 4, -6/38 HPs)
             Began as a Gnoll Hunter on Sept 11, 2022.
             Was an Initiate of Ashenzari.
             Mangled by a black bear (10 damage)
             ... on level 2 of the Dungeon.
             The game lasted 00:07:22 (1363 turns).

ILmort the Skirmisher (Gnoll Hunter)                Turns: 1363, Time: 00:07:23

Health: -6/38      AC:  3    Str: 10    XL:     4   Next: 31%
Magic:  0/5        EV: 13    Int:  9    God:    Ashenzari [......]
Gold:   139        SH:  0    Dex: 17    Spells: 5/5 levels left

rFire   . . .      SeeInvis .   a - +0 shortbow
rCold   . . .      Faith    .   (shield currently unavailable)
rNeg    . . .      Spirit   +   c - +0 leather armour of the Chained Chagrin {Comp, Fort} (curse)
rPois   .          Reflect  .   (no helmet)
rElec   .          Harm     .   (no cloak)
rCorr   .          Rampage  .   (no gloves)
Will    .....                   (no boots)
Stlth   ++........              s - amulet of guardian spirit
HPRegen 0.12/turn               (no ring)
MPRegen 0.09/turn               (no ring)

@: no status effects
A: fangs 1, strong nose, distributed training
a: Renounce Religion, Curse Item, Shatter the Chains


You were on level 2 of the Dungeon.
You worshipped Ashenzari.
Ashenzari was noncommittal.
You visited 1 branch of the dungeon, and saw 3 of its levels.

You collected 139 gold pieces.

Inventory:

Hand Weapons
 a - a +0 shortbow (weapon)
 b - a +1 dagger of venom
 r - a +1 dagger of speed
Missiles
 e - 9 javelins
Armour
 c - the cursed +0 leather armour of the Chained Chagrin (worn) {Comp, Fort}

   It has a curse which improves the following skills: Companions: Summonings
   and Necromancy.
   Fortitude: Armour and Shields.
 p - a +0 leather armour
 q - a +0 ring mail
Jewellery
 s - an amulet of guardian spirit (around neck)
Scrolls
 d - a scroll of brand weapon {unknown}
 g - a scroll of immolation
 h - a scroll of amnesia
 l - a scroll of summoning {unknown}
 m - 3 scrolls of identify {unknown}
 n - a scroll of noise {unknown}
 o - a scroll of enchant weapon {unknown}
Potions
 f - a potion of might {unknown}
 i - 3 potions of heal wounds {unknown}
 j - 3 potions of curing {unknown}
 k - a potion of ambrosia {unknown}


   Skills:
 + Level 4.6 Fighting
 + Level 1.1 Short Blades
 + Level 1.1 Long Blades
 + Level 1.1 Axes
 + Level 1.1 Maces & Flails
 + Level 1.1 Polearms
 + Level 1.1 Staves
 + Level 8.5 Ranged Weapons
 + Level 1.1 Throwing
 + Level 1.1(1.4) Armour
 + Level 4.6 Dodging
 + Level 2.5 Stealth
 + Level 1.1(1.4) Shields
 + Level 1.1 Unarmed Combat
 + Level 1.1 Spellcasting
 + Level 0.9 Conjurations
 + Level 0.9 Hexes
 + Level 0.9(1.1) Summonings
 + Level 0.9(1.1) Necromancy
 + Level 0.9 Translocations
 + Level 0.9 Transmutations
 + Level 0.9 Fire Magic
 + Level 0.9 Ice Magic
 + Level 0.9 Air Magic
 + Level 0.9 Earth Magic
 + Level 0.9 Poison Magic
 + Level 1.2 Invocations
 + Level 1.1 Evocations


You had 5 spell levels left.
You didn't know any spells.
Your spell library was empty.

Dungeon Overview and Level Annotations

Branches:
Dungeon (3/15)

Altars:
Ashenzari

Shops:
D:2 *


Innate Abilities, Weirdness & Mutations

You have very sharp teeth.
Your uncanny sense of smell can sniff out nearby items.
Your experience applies equally to all skills.


Message History

You are too injured to fight recklessly!
You are too injured to fight recklessly!
You are too injured to fight recklessly!
You are too injured to fight recklessly!
You are too injured to fight recklessly!
You are too injured to fight recklessly!
You are too injured to fight recklessly!
You are too injured to fight recklessly!
You are too injured to fight recklessly!
You are too injured to fight recklessly!
You are too injured to fight recklessly!
You are too injured to fight recklessly!
You are too injured to fight recklessly!
You are too injured to fight recklessly!
You are too injured to fight recklessly!
You are too injured to fight recklessly!
You are too injured to fight recklessly!
You are too injured to fight recklessly!
You are too injured to fight recklessly!
You are too injured to fight recklessly!
You are too injured to fight recklessly!
You are too injured to fight recklessly!
You are too injured to fight recklessly!
You are too injured to fight recklessly!
The black bear goes berserk!
You hear an angry hiss.
The black bear rages.
The black bear bites you. The black bear claws you. x2
* * * LOW HITPOINT WARNING * * *
There is a stone staircase leading up here.
The black bear bites you!
* * * LOW HITPOINT WARNING * * *
The black bear barely misses you. The black bear claws you.
* * * LOW HITPOINT WARNING * * *
You climb upwards.
There is a stone staircase leading down here.
As you read the scroll labelled JAKASM NUAP, it crumbles to dust.
It is a scroll of amnesia.
You feel forgetful for a moment. The black bear bites you!
You die...

.# #.########## .#
#..........# .#
########
##########.# .#
#......# #.# .#
#.####.#
##########.# .# #.#
#.# #..........# .#
#.# #.#
#.########.##
[####.# #.#######.#
#...# ......#
#......@h.# #.#.#
####### ###########
#...# #######
##.#####
......###########
#..†...
......(.........###
#.#####
.####.....#...#...#
#.# # .#
####...#.#..#.# #.#
# .# #....∩...#.#
#.# # .##
#...#.#..#.# #.# #


You could see a black bear (berserk).

Vanquished Creatures
  A hound zombie (D:3)
  2 adders (D:2)
  An adder skeleton (D:3)
  A worm (D:2)
  2 dart slugs
  6 bats
  2 endoplasms (D:1)
  A giant cockroach (D:1)
  5 hobgoblins
  3 kobolds
  A quokka (D:1)
  8 ball pythons
  2 frilled lizards
  A goblin (D:2)
36 creatures vanquished.

Notes
Turn   | Place    | Note
-------+----------+-------------------------------------------
     0 | D:1      | ILmort the Gnoll Hunter began the quest for the Orb.
     0 | D:1      | Reached XP level 1. HP: 20/20 MP: 1/1
   117 | D:1      | Reached XP level 2. HP: 26/26 MP: 2/2
   378 | D:1      | Found a faded altar of an unknown god.
   389 | D:1      | Prayed at the altar of an unknown god.
   389 | D:1      | Became a worshipper of Ashenzari the Shackled
   406 | D:1      | Reached XP level 3. HP: 31/31 MP: 3/3
   771 | D:2      | Reached skill level 1 in Invocations
   845 | D:2      | Found Vyiryabu's General Store.
   956 | D:2      | Reached skill level 1 in Short Blades
   956 | D:2      | Reached skill level 1 in Long Blades
   956 | D:2      | Reached skill level 1 in Axes
   956 | D:2      | Reached skill level 1 in Maces & Flails
   956 | D:2      | Reached skill level 1 in Polearms
   956 | D:2      | Reached skill level 1 in Staves
   956 | D:2      | Reached skill level 1 in Throwing
   956 | D:2      | Reached skill level 1 in Armour
   956 | D:2      | Reached skill level 1 in Shields
   956 | D:2      | Reached skill level 1 in Unarmed Combat
   956 | D:2      | Reached skill level 1 in Spellcasting
   956 | D:2      | Reached skill level 1 in Evocations
  1131 | D:2      | Reached XP level 4. HP: 38/38 MP: 5/5
  1343 | D:3      | Noticed a black bear
  1348 | D:3      | Noticed an orc warrior
  1363 | D:2      | Mangled by a black bear

Illustrated notes

Levels and vault maps discovered:
D:1:      minmay_arrival_three_doors, layout_loops_cross,
          ebering_ecumenical_altar_petrified
D:2:      layout_loops_ring, serial_shops, nicolae_shop_advertising_works
          [nicolae_subvault_shop_adworks]
D:3:      layout_loops_cross, mainiacjoe_overflow_concentric_impassable,
          serial_undead, serial_undead_a, serial_undead_d, serial_undead_a,
          serial_undead_b, serial_shops, shop

Skill      XL: |  1  2  3 |
---------------+----------+-----
Invocations    | 1 |  1.2
Short Blades   | 1 |  1.1
Long Blades    | 1 |  1.1
Axes           | 1 |  1.1
Maces & Flails | 1 |  1.1
Polearms       | 1 |  1.1
Staves         | 1 |  1.1
Throwing       | 1 |  1.1
Armour         | 1 |  1.1
Shields        | 1 |  1.1
Unarmed Combat | 1 |  1.1
Spellcasting   | 1 |  1.1
Evocations     | 1 |  1.1
Fighting       | |  4.6
Ranged Weapons | |  8.5
Dodging        | |  4.6
Stealth        | |  2.5
Conjurations   | |  0.9
Hexes          | |  0.9
Summonings     | |  0.9
Necromancy     | |  0.9
Translocations | |  0.9
Transmutations | |  0.9
Fire Magic     | |  0.9
Ice Magic      | |  0.9
Air Magic      | |  0.9
Earth Magic    | |  0.9
Poison Magic   | |  0.9

Action                   |  1- 3 |  4- 6 || total
-------------------------+-------+-------++-------
 Fire: Shortbow          |    80 |    13 ||    93
Invok: Curse Item        |     1 |       ||     1
  Use: Scroll            |       |     1 ||     1
Armor: Leather armour    |     6 |     3 ||     9
Dodge: Dodged            |    18 |     7 ||    25
